 Dungeon Crawl Stone Soup version 0.31-a0-219-g8d62b2e7bb (webtiles) character file.

Game seed: 16063216283595831023

163 qw the Shooter (level 5, 0/45 HPs)
             Began as a Minotaur Hexslinger on July 3, 2023.
             Succumbed to Edmund's poison
             ... on level 4 of the Dungeon.
             The game lasted 00:00:55 (2763 turns).

qw the Shooter (Minotaur Hexslinger)                Turns: 2763, Time: 00:00:56

Health: 0/45       AC:  5    Str: 13    XL:     5   Next: 20%
Magic:  5/5        EV: 11    Int: 10    God:
Gold:   172        SH:  0    Dex: 14    Spells: 5/6 levels left

rFire   . . .        Y - +3 sling
rCold   . . .        (no shield)
rNeg    . . .        i - +0 ring mail
rPois   .            (helmet restricted)
rElec   .            (no cloak)
rCorr   .            (no gloves)
SInv    .            (no boots)
Will    .....        (no amulet)
Stlth   +            (no ring)
HPRegen 0.27/turn    (no ring)
MPRegen 0.09/turn

%: no passive effects
@: lethally poisoned (0 -> -22)
A: horns 2, retaliatory headbutt
a: no special abilities


You were on level 4 of the Dungeon.
You visited 1 branch of the dungeon, and saw 4 of its levels.

You collected 172 gold pieces.


Innate Abilities, Weirdness & Mutations

You have a pair of horns on your head.
You reflexively headbutt those who attack you in melee.


   Skills:
 - Level 3.4 Fighting
 + Level 5.0 Ranged Weapons
 - Level 1.0 Armour
 - Level 2.1 Dodging
 - Level 1.0 Spellcasting
 - Level 2.0 Hexes


You had 5 spell levels left.
You knew the following spells:

 Your Spells              Type           Power      Damage    Failure   Level
a - Slow                  Hex            16%        N/A       32%         1

Your spell library contained the following spells:

 Spells                   Type           Power      Damage    Failure   Level
 Inner Flame              Hex/Fire       2%         N/A       82%         3
 Portal Projectile        Hex/Tloc       4%         N/A       82%         3
 Cause Fear               Hex            2%         N/A       97%         4

Inventory:

Hand Weapons
 Y - a +3 sling (weapon)
Armour
 i - a +0 ring mail (worn)
Scrolls
 b - a scroll of enchant armour
Potions
 c - a potion of attraction {unknown}
 d - a potion of cancellation {unknown}
 h - a potion of might
 k - a potion of curing

Dungeon Overview and Level Annotations

Branches:
Dungeon (4/15)
 Temple: D:4-7

Altars:

Shops:
D:3 :

Annotations:
D:4 Edmund


Message History

There is a stone staircase leading up here.
Waypoint 3 assigned to D:4.
Edmund the Younger comes into view.
He is wielding a +0 flail of venom.
Edmund shouts!
Edmund moves out of view.
You shoot a sling bullet. The sling bullet hits Edmund.
Edmund is lightly wounded.
You shoot a sling bullet. The sling bullet hits Edmund!
Edmund is moderately wounded.
You shoot a sling bullet.
The sling bullet hits Edmund but does no damage.
Edmund is moderately wounded.
You shoot a sling bullet. The sling bullet hits Edmund.
Edmund is moderately wounded.
You shoot a sling bullet. The sling bullet barely misses Edmund.
Edmund hits you with a +0 flail of venom.
You are poisoned.
Edmund barely misses you. You furiously retaliate!
You headbutt Edmund. You shoot a sling bullet. The sling bullet hits Edmund.
Edmund is heavily wounded.
You feel sick.
Edmund hits you with a +0 flail of venom.
You are more poisoned.
You shoot a sling bullet. The sling bullet hits Edmund!
Edmund is severely wounded.
You feel very sick.
Edmund hits you with a +0 flail of venom!
You are more poisoned.
You shoot a sling bullet. The sling bullet hits Edmund.
Edmund is severely wounded.
You feel very sick.
Edmund hits you with a +0 flail of venom!
Edmund barely misses you.
You shoot a sling bullet. The sling bullet hits Edmund!
Edmund is almost dead.
You feel very sick.
Edmund hits you with a +0 flail of venom.
You are more poisoned.
You shoot a sling bullet. The sling bullet barely misses Edmund.
You die...

########
#......#
#.<....##
#.......#
#.......#
#######@#
#.....@....#
#..............
#..............
#..........##..
#..........# .
#...........
.#########...


You could see Edmund.

Vanquished Creatures
  Natasha (twice) (D:3)
  5 adders
  A worm (D:2)
  A dart slug (D:3)
  4 orcs (D:3)
  6 bats
  2 endoplasms (D:3)
  5 giant cockroaches
  3 goblins
  4 hobgoblins
  4 jackals (D:2)
  6 kobolds
  A quokka (D:2)
  7 ball pythons
  5 frilled lizards
  4 rats
60 creatures vanquished.

Notes
Turn   | Place    | Note
-------+----------+-------------------------------------------
     0 | D:1      | qw the Minotaur Hexslinger began the quest for the Orb.
     0 | D:1      | Reached XP level 1. HP: 16/16 MP: 1/1
     0 | D:1      | 0 ||| qw: Version: 0.3-a-40-ge99b1a8
     0 | D:1      | 0 ||| qw: Game counter: 320
     0 | D:1      | 0 ||| qw: Melee chars always use a shield: true
     0 | D:1      | 0 ||| qw: God list: Okawaru
     0 | D:1      | 0 ||| qw: Allow faded altars: false
     0 | D:1      | 0 ||| qw: Do Orc after clearing Dungeon:15 true
     0 | D:1      | 0 ||| qw: Do second Lair branch before Depths: true
     0 | D:1      | 0 ||| qw: Lair rune preference: random
     0 | D:1      | 0 ||| qw: Goals: Normal
     0 | D:1      | 0 ||| PLANNING D:1-11
   111 | D:1      | Reached skill level 3 in Ranged Weapons
   176 | D:1      | Reached XP level 2. HP: 23/23 MP: 2/2
   543 | D:1      | 543 ||| UPGRADING to +0 ring mail.
   553 | D:1      | 553 ||| DROPPING +0 robe.
   554 | D:1      | 554 ||| READING scroll labelled UROWNU IDIAGE.
   555 | D:1      | 555 ||| READING scroll labelled ONWAHA ENIYB.
   558 | D:1      | 558 ||| READING scroll labelled VOM KOWIHOMN.
   559 | D:1      | 559 ||| READING scroll labelled OPLOPH SOCKYKI.
   560 | D:1      | 560 ||| READING scroll labelled ZYGGO WIHAUK.
   561 | D:1      | 561 ||| DROPPING scroll of poison.
   661 | D:2      | Reached XP level 3. HP: 29/29 MP: 3/3
   695 | D:2      | Reached skill level 4 in Ranged Weapons
   980 | D:2      | Reached skill level 1 in Armour
  1084 | D:2      | Reached XP level 4. HP: 35/36 MP: 4/4
  1520 | D:2      | 1520 ||| READING scroll labelled POAMUC RISUIPS.
  1583 | D:2      | 1583 ||| READING 2 scrolls labelled HIUH OTIOHU.
  1584 | D:2      | 1584 ||| READING scroll labelled HUORAB PEEMUI.
  1585 | D:2      | 1585 ||| DRINKING 2 puce potions.
  1822 | D:3      | 1822 ||| READING scroll of enchant weapon.
  1822 | D:3      | 1822 ||| ENCHANTING +2 sling.
  2110 | D:3      | Reached skill level 5 in Ranged Weapons
  2112 | D:3      | HP: 6/36 [orc/+2 trident of freezing (4)]
  2374 | D:3      | Found Voneor Moeh's Book Shoppe.
  2482 | D:3      | Noticed Natasha
  2483 | D:3      | 2483 ||| FLEEEEING.
  2484 | D:3      | 2484 ||| FLEEEEING.
  2485 | D:3      | 2485 ||| FLEEEEING.
  2486 | D:3      | 2486 ||| FLEEEEING.
  2487 | D:3      | 2487 ||| FLEEEEING.
  2501 | D:3      | Killed Natasha
  2660 | D:3      | Reached XP level 5. HP: 44/44 MP: 5/5
  2709 | D:3      | 2709 ||| READING scroll labelled XOERUE GUUTSEI.
  2710 | D:3      | 2710 ||| DRINKING 2 amethyst potions.
  2723 | D:3      | Noticed Natasha
  2729 | D:3      | Killed Natasha
  2730 | D:3      | Reached skill level 3 in Fighting
  2752 | D:4      | Noticed Edmund
  2762 | D:4      | HP: 7/45 [poisoned by Edmund]
  2763 | D:4      | Succumbed to Edmund's poison

Levels and vault maps discovered:
D:1:      tekkud_arrival_beachfront_property, layout_rooms, st_stairs_1
D:2:      layout_basic, grunt_decor_arrowhead
D:3:      layout_basic, serial_shops, shop, uniq_natasha
D:4:      layout_rooms, grunt_temple_overflow_cloverleaf, uniq_edmund

Skill      XL: |  1  2  3  4  5 |
---------------+----------------+-----
Ranged Weapons | 3 4 5 |  5.0
Fighting       | 2 3 |  3.4
Armour         | 1 |  1.0
Dodging        | |  2.1
Spellcasting   | |  1.0
Hexes          | |  2.0

Action                     |  1- 3 |  4- 6 || total
---------------------------+-------+-------++-------
   Fire: Sling             |   120 |    90 ||   210
    Use: Scroll            |     5 |     5 ||    10
         Potion            |       |     2 ||     2
 Armour: Robe              |     4 |       ||     4
         Ring mail         |    22 |     9 ||    31
  Dodge: Dodged            |    40 |    26 ||    66

Table legend:
 A = Non-vault XP
 B = Vault XP
 C = Vault XP percentage of total XP
 D = Non-vault monster count
 E = Vault monster count
 F = Vault count percentage of total count
                 A         B        C        D         E       F
            +---------+---------+-------+---------+---------+-------
      Total |     195 |      38 |  16.3 |      57 |       3 |   5.0
            +---------+---------+-------+---------+---------+-------
        D:1 |      23 |       3 |  11.5 |      15 |       2 |  11.8
        D:2 |      78 |       0 |   0.0 |      24 |       0 |   0.0
        D:3 |      94 |      35 |  27.1 |      18 |       1 |   5.3
            +---------+---------+-------+---------+---------+-------
